 Dungeon Crawl Stone Soup version 0.27.1-34-g3ba077fa99 (webtiles) character file.

Game seed: 5127637546164761564

2 comborobin the Sneak (level 1, 0/17 HPs)
             Began as a Vampire Delver on Jan 8, 2022.
             Slain by an ice beast (4 damage)
             ... on level 6 of the Dungeon.
             The game lasted 00:00:28 (52 turns).

comborobin the Sneak (Vampire Delver)                 Turns: 52, Time: 00:00:28

Health: 0/17       AC:  3    Str: 11    XL:     1   Next: 25%
Magic:  1/1        EV: 12    Int: 12    God:
Gold:   0          SH:  0    Dex: 15    Spells: 0/0 levels left

rFire    . . .     SeeInvis +     - Unarmed
rCold    . . .     Faith    .   (no shield)
rNeg     . . .     Spirit   .   a - +0 leather armour
rPois    .         Reflect  .   (no helmet)
rElec    .         Harm     .   (no cloak)
rCorr    .         Rampage  .   (no gloves)
Will     .....                  (no boots)
Stlth    +++.......             (no amulet)
HPRegen  0.25/turn              (no ring)
MPRegen  0.07/turn              (no ring)

@: healing quickly, hasted, very quick
A: alive, fangs 3, see invisible, vampiric 1
a: Exsanguinate


You were on level 6 of the Dungeon.
You visited 1 branch of the dungeon, and saw 2 of its levels.

Inventory:

Armour
 a - a +0 leather armour (worn)
Wands
 f - a wand of digging (1)
Scrolls
 b - a scroll of fog
 d - a scroll of fear


   Skills:
 + Level 2.7 Fighting
 + Level 2.2 Dodging
 + Level 7.3 Stealth
 + Level 2.2 Unarmed Combat


You couldn't memorise any spells.
You didn't know any spells.
Your spell library was empty.

Dungeon Overview and Level Annotations

Branches:
Dungeon (6/15)
 Temple: D:4-7

Altars:
Vehumet


Innate Abilities, Weirdness & Mutations

Your natural rate of healing is accelerated.
You have razor-sharp teeth.
You have supernaturally acute eyesight. (SInv)
You are afflicted with vampirism.


Message History

The orc hits you with a +0 short sword.
You hit the orc but do no damage.
The orc is moderately wounded.
The orc barely misses you.
You barely miss the orc. Your bite misses the orc.
The orc is moderately wounded.
You barely miss the orc. You bite the orc.
The orc is almost dead.
The orc closely misses you.
You closely miss the orc.
The orc is almost dead.
The orc hits you with a +0 short sword.
You hit the orc.
You kill the orc!
The orc shouts!
You hear a shout! x3
Things that are here:
a +0 short sword; a +0 ring mail
Aiming: Dig
Press: ? - help, Shift-Dir - straight line A rock wall.
The rock shatters into small pieces.
The orc barely misses you. The orc closely misses you.
The orc closely misses you. The orc hits you with a +0 club.
You hit the orc.
The orc is moderately wounded.
The orc hits you with a +0 hand axe. The ice beast misses you.
The orc closely misses you.
Aiming: Dig
Press: ? - help, Shift-Dir - straight line A rock wall.
The rock shatters into small pieces.
You barely miss the orc. The orc hits you with a +0 hand axe.
The orc barely misses you. The ice beast barely misses you.
You barely miss the orc. You bite the orc.
The orc is heavily wounded.
The orc hits you with a +0 short sword.
* * * LOW HITPOINT WARNING * * *
The orc misses you. The ice beast hits you.
You die...

,****,*,,................#
*,<,
⌠,**,,,,*######..#.#.##.##
*,,,
,**,,,*##≈≈≈≈≈##.......#
*,,,
*,,,,**#≈≈≈≈≈≈≈#.......#
*,,, ,,,,**
#≈≈≈≈≈≈≈#.......# *,,,
***** #≈≈≈_≈≈≈#......o#
**** #≈≈≈.≈≈≈#o..##### *
#≈≈≈.≈≈;#oo# * *#≈≈.≈≈#Y@#
* **#'##.o.# * #..)..## *
####### *


You could see an ice beast, an electric eel and 4 orcs.

Vanquished Creatures
  An orc (D:6)
1 creature vanquished.

Notes
Turn   | Place    | Note
-------+----------+-------------------------------------------
     0 | D:5      | comborobin the Vampire Delver began the quest for the Orb.
     0 | D:5      | Reached XP level 1. HP: 17/17 MP: 1/1
     4 | D:6      | Noticed an ice beast
    25 | D:6      | Found a radiant altar of Vehumet.
    26 | D:6      | Noticed an electric eel
    52 | D:6      | Slain by an ice beast

Illustrated notes

Levels and vault maps discovered:
D:5:      layout_rooms, amethyst_overflow_temple_binary, temple_green,
          uniq_crazy_yiuf_cottage, uniq_menkaure
D:6:      layout_rooms, ebering_ghost_inner_flame, kennysheep_another_room,
          kennysheep_flooded_box, grunt_decor_mini_mirrors, sigmund_army

Action                   || total
-------------------------++-------
Melee: Unarmed           ||    18
       Bite              ||     3
Evoke: Wand              ||     2
  Use: Scroll            ||     1
       Potion            ||     1
Armor: Leather armour    ||     1
Dodge: Dodged            ||    15
